 Dungeon Crawl Stone Soup version 0.21.1-1-g345015f (webtiles) character file.

47 aMcNicky the Magician (level 3, -1/19 HPs)
             Began as a Deep Elf Wizard on Mar 15, 2018.
             Slain by a worker ant (2 damage)
             ... on level 2 of the Dungeon.
             The game lasted 00:05:03 (1654 turns).

aMcNicky the Magician (Deep Elf Wizard)             Turns: 1654, Time: 00:05:04

Health: -1/19      AC:  3    Str:  4    XL:     3   Next: 48%
Magic:  0/11       EV: 13    Int: 23    God:
Gold:   18         SH:  0    Dex: 13    Spells: 7/12 levels left

rFire    . . .     SeeInvis .   (no weapon)
rCold    . . .     Gourm    .   (no shield)
rNeg     . . .     Faith    .   a - +0 robe
rPois    .         Spirit   .   b - +0 hat
rElec    .         Reflect  .   h - +0 cloak
rCorr    .         Harm     .   (no gloves)
MR       .....                  (no boots)
Stlth    ++........             (no amulet)
HPRegen  0.06/turn              (no ring)
MPRegen  0.12/turn              (no ring)

@: very slightly contaminated
A: no striking features
a: no special abilities


You were on level 2 of the Dungeon.
You were not hungry.

You visited 1 branch of the dungeon, and saw 2 of its levels.

You collected 18 gold pieces.

Inventory:

Armour
 a - a +0 robe (worn)
 b - a +0 hat (worn)
 h - a +0 cloak (worn)
 i - a +1 pair of boots
Jewellery
 l - an uncursed ring of protection from cold {unknown}
Scrolls
 e - a scroll of immolation {unknown}
 j - a scroll of blinking {unknown}
 k - a scroll of identify {unknown}
Potions
 g - a potion of invisibility {unknown}
Books
 c - a book of Minor Magic

   Spells                             Type                      Level
   a - Magic Dart                     Conjuration                  1
   b - Blink                          Translocation                2
   c - Call Imp                       Summoning                    2
   d - Slow                           Hexes                        2
   e - Conjure Flame                  Conjuration/Fire             3
   f - Mephitic Cloud                 Conjuration/Poison/Air       3
Comestibles
 d - a ration


   Skills:
 + Level 3.3 Dodging
 - Level 2.7 Stealth
 + Level 5.0 Spellcasting
 + Level 2.2 Conjurations
 - Level 1.1 Summonings
 - Level 1.1 Translocations


You had 7 spell levels left.
You knew the following spells:

 Your Spells              Type           Power        Failure   Level  Hunger
a - Magic Dart            Conj           ###.         3%          1    None
b - Blink                 Tloc           N/A          9%          2    None
c - Call Imp              Summ           ##......     9%          2    None


Dungeon Overview and Level Annotations

Branches:
Dungeon (2/15)

Altars:


Message History

The magic dart hits the worker ant.
The worker ant is heavily wounded.
The worker ant barely misses you.
Casting: Magic Dart
Confirm with . or Enter, or press ? or * to list all spells.
Aiming: Magic Dart
Press: ? - help, Shift-Dir - straight line, f/p - worker ant
Aim: a worker ant (heavily wounded)
The magic dart hits the worker ant.
The worker ant is almost dead.
The worker ant barely misses you.
Casting: Magic Dart
Confirm with . or Enter, or press ? or * to list all spells.
Aiming: Magic Dart
Press: ? - help, Shift-Dir - straight line, f/p - worker ant
Aim: a worker ant (almost dead)
The magic dart hits the worker ant.
The worker ant is almost dead.
The worker ant bites you.
You die...

#........
#........########
#...............#
#...............#
#...........>...#
#...............#
.#######S..............#
.......@a...# #...[....#
.########.#####.).......
#..........#........(
#......##............
#......'.....###..##.
##.....S#..#######+###
#.....>....#.....[.
######'#.#.#.......
###w..+.#.......


You could see a worker ant and a ball python.

Vanquished Creatures
  An adder (D:2)
  3 dart slugs
  A leopard gecko (D:1)
  2 giant cockroaches
  4 goblins
  4 hobgoblins
  2 quokkas (D:2)
  3 bats (D:1)
  3 frilled lizards
  3 kobolds
  5 rats
31 creatures vanquished.

Notes
Turn   | Place    | Note
-------+----------+-------------------------------------------
     0 | D:1      | aMcNicky the Deep Elf Wizard began the quest for the Orb.
     0 | D:1      | Reached XP level 1. HP: 10/10 MP: 7/7
   344 | D:1      | Reached XP level 2. HP: 15/15 MP: 7/9
  1229 | D:2      | Reached XP level 3. HP: 14/19 MP: 1/11
  1314 | D:2      | Learned a level 2 spell: Blink
  1317 | D:2      | Learned a level 2 spell: Call Imp
  1409 | D:2      | Reached skill level 5 in Spellcasting
  1654 | D:2      | Slain by a worker ant

Skill      XL: |  1  2  3 |
---------------+----------+-----
Dodging        | 3 |  3.3
Conjurations   | 2 |  2.2
Spellcasting   | 5 |  5.0
Stealth        | |  2.7
Summonings     | |  1.1
Translocations | |  1.1

Action                   || total
-------------------------++-------
 Cast: Magic Dart        ||    89
  Eat: Chunk             ||     2
Armor: Robe              ||     1
Dodge: Dodged            ||    17
